 Dungeon Crawl Stone Soup version 0.24.0-13-gcf9b319 (webtiles) character file.

Game seed: 2479805256411249128, levelgen mode: deterministic

15533 Bronimir the Fighter (level 12, 0/122 HPs)
             Began as an Ogre Fire Elementalist on Apr 20, 2020.
             Was a High Priest of Okawaru.
             Slain by a seven-headed hydra (3 damage)
             ... on level 4 of the Lair of Beasts on Apr 21, 2020.
             The game lasted 01:05:39 (17969 turns).

Bronimir the Fighter (Ogre Fire Elementalist)      Turns: 17969, Time: 01:05:40

Health: 0/122      AC: 14    Str: 18    XL:     12   Next: 28%
Magic:  17/32      EV: 11    Int: 19    God:    Okawaru [*****.]
Gold:   838        SH:  0    Dex:  9    Spells: 2/25 levels left

rFire    + + +     SeeInvis .   a - +2 flail (venom)
rCold    + . .     Gourm    .   (no shield)
rNeg     . . .     Faith    .   E - +2 troll leather armour {Snorg}
rPois    .         Spirit   .   (helmet restricted)
rElec    .         Reflect  .   y - scarf {rC+ rF+}
rCorr    .         Harm     .   (gloves unavailable)
MR       +....                  (boots unavailable)
Stlth    +.........             F - amulet of regeneration
HPRegen  1.10/turn              j - ring of magical power
MPRegen  0.23/turn              G - ring of the Hero {rF+ AC+5 Int+4}

@: confusing touch, finesse
A: large, unfitting armour, yellow scales 1, dopey 1, fire resistance 1, tough
skin 1, subdued magic 1
a: Heroism, Finesse, Renounce Religion


You were on level 4 of the Lair of Beasts.
You worshipped Okawaru.
Okawaru was extremely pleased with you.
You were near starving.

You visited 3 branches of the dungeon, and saw 14 of its levels.
You also visited: Sewer.

You collected 838 gold pieces.

Inventory:

Hand Weapons
 a - a +2 flail of venom (weapon)
 n - a +0 bardiche
 p - a +1 spear of flaming
 q - a +2 hunting sling of freezing
 x - a +0 scythe of slicing
 C - a +0 giant club
Missiles
 g - 149 arrows
 m - 416 stones
 t - 2 large rocks (quivered)
 v - 54 sling bullets
 D - 91 bolts
 O - 16 javelins
Armour
 f - a +0 cloak
 i - a +0 buckler
 k - a +0 robe
 y - a scarf of resistance (worn)
 E - a +2 troll leather armour (worn) {Snorg}
Magical Staves
 u - an uncursed staff of death
Jewellery
 h - an uncursed ring of see invisible
 j - a ring of magical power (left hand)
 r - an uncursed ring of protection from magic
 F - an amulet of regeneration (around neck)
 G - the ring of the Hero (right hand) {rF+ AC+5 Int+4}
   (You found it on level 7 of the Dungeon)

   [ring of protection]

   It affects your AC (+5).
   It affects your intelligence (+4).
   It protects you from fire.
Wands
 w - a wand of paralysis (17)
 z - a wand of digging (6)
 A - a wand of iceblast (5)
 I - a wand of flame (18)
 J - a wand of scattershot (4)
 K - a wand of enslavement (17)
 M - a wand of polymorph (10)
Scrolls
 b - 6 scrolls of remove curse
 l - 7 scrolls of identify
 s - 2 scrolls of amnesia
 H - a scroll of magic mapping
Potions
 d - 2 potions of might
 e - 2 potions of flight
 o - 2 potions of agility
 B - 3 potions of curing
Comestibles
 c - 27 rations


   Skills:
 * Level 8.3 Fighting
 + Level 7.0 Maces & Flails
 + Level 0.2 Polearms
 * Level 6.0 Throwing
 * Level 2.5 Armour
 * Level 6.0 Dodging
 - Level 1.4 Stealth
 + Level 7.4 Spellcasting
 * Level 6.8 Conjurations
 + Level 2.2 Hexes
 * Level 8.1 Fire Magic
 * Level 5.5 Invocations


You had 2 spell levels left.
You knew the following spells:

 Your Spells              Type           Power        Failure   Level  Hunger
a - Flame Tongue          Conj/Fire      ####.        1%          1    None
b - Throw Flame           Conj/Fire      ####..       1%          2    None
c - Conjure Flame         Conj/Fire      ####....     1%          3    #......
d - Sticky Flame          Conj/Fire      ####....     4%          4    ###....
e - Fireball              Conj/Fire      ####......   12%         5    #####..
f - Confusing Touch       Hex            ##....       3%          1    None
g - Stone Arrow           Conj/Erth      ###...       7%          3    #......
h - Sandblast             Erth           #.....       10%         1    None
i - Mephitic Cloud        Conj/Pois/Air  ##......     12%         3    #......

Your spell library contained the following spells:

 Spells                   Type           Power        Failure   Level  Hunger
 Beastly Appendage        Tmut           #.....       10%         1    None
 Infusion                 Chrm           #...         10%         1    None
 Passwall                 Tmut/Erth      #.......     14%         2    None
 Sticks to Snakes         Tmut           #.......     14%         2    None
 Inner Flame              Hex/Fire       ###.....     3%          3    #......
 Confuse                  Hex            ##......     12%         3    #......
 Gell's Gravitas          Tloc           #.........   30%         3    #......
 Regeneration             Chrm/Necr      #.........   30%         3    #......
 Spider Form              Tmut/Pois      #.........   30%         3    #......
 Irradiate                Conj/Tmut      ###.......   56%         5    #####..
 Ice Form                 Ice/Tmut       #.......     71%         4    ###....
 Petrify                  Tmut/Erth      #.......     71%         4    ###....
 Metabolic Englaciation   Hex/Ice        #.........   87%         5    #####..
 Yara's Violent Unravell  Hex/Tmut       #.........   87%         5    #####..
 Blade Hands              Tmut           #.........   96%         5    #####..
 Lee's Rapid Deconstruct  Erth           #.........   96%         5    #####..
 Hydra Form               Tmut           #.........   100%        6    ######.
 Statue Form              Tmut/Erth      #........    100%        6    ######.
 Dragon Form              Tmut           #.........   100%        7    #######
 Tornado                  Air            #.........   100%        9    #######


Dungeon Overview and Level Annotations

Branches:
Dungeon (9/15)             Temple (1/1) D:6            Lair (4/6) D:8
 Shoals (0/4) Lair:3       Spider (0/4) Lair:4        Sewer (visited)
    Orc: D:9-12

Altars:
Ashenzari
Cheibriados
Dithmenos
Elyvilon
Fedhas
Gozag
Hepliaklqana
Kikubaaqudgha
Makhleb
Nemelex Xobeh
Okawaru
Qazlal
Ru
Sif Muna
Trog
Uskayaw
Vehumet
Wu Jian
Xom
Yredelemnul
Zin
The Shining One

Shops:
D:5 (

Annotations:
Lair:1 exclusion: 2 oklob plants


Innate Abilities, Weirdness & Mutations

You are too large for most types of armour.
You have tough skin. (AC +1)
You are partially covered in yellow scales. (AC +2)
You are dopey. (Int -2)
Your flesh is heat resistant. (rF+)
Your spells are a little easier to cast, but a little less powerful.


Message History

The seven-headed hydra bites you but does no damage. x2
The seven-headed hydra bites you.
* * * LOW HITPOINT WARNING * * *
The seven-headed hydra bites you!
* * * LOW HITPOINT WARNING * * *
The seven-headed hydra bites you!
* * * LOW HITPOINT WARNING * * *
Okay, then.
Okay, then.
Casting: Mephitic Cloud (safe; 12% risk of failure)
Confirm with . or Enter, or press ? or * to list all spells.
Your hands begin to glow red.
The wolf bites you.
* * * LOW HITPOINT WARNING * * *
The seven-headed hydra barely misses you.
The seven-headed hydra bites you but does no damage.
The seven-headed hydra bites you.
* * * LOW HITPOINT WARNING * * *
The seven-headed hydra bites you but does no damage.
The seven-headed hydra bites you.
You die...

#........##..##
###......##### #.#PP#.....#
#.####.##..## ## #.# ##P..#
#.## #.# ###.P.## ##..+##
#.#####......##
#......##..##.#.......##
#.....+.D@h..##......#.#
##......#.#P#..........##
#......%######..........###
###...<(# ###..........#
#....## #....#.###... #....
###...## #### ###.. ##.#.#
# ##. #P#+..### ..
#.......#


You could see a seven-headed hydra and a wolf.

Vanquished Creatures
  Snorg (Lair:3)
  A hydra (Lair:1)
  2 death yaks (D:8)
  A black mamba (Lair:1)
  3 spiny frogs
  2 komodo dragons (Lair:3)
  5 jumping spiders (Lair:4)
  5 blink frogs (Lair:4)
  5 hippogriffs
  Sigmund (D:4)
  A redback (Lair:4)
  12 yaks
  A steam dragon (Lair:2)
  4 water moccasins
  13 porcupines
  2 orc warriors
  3 phantoms
  An ice beast (D:5)
  2 wolves (Lair:4)
  4 ogres
  4 centaurs
  7 crocodiles
  9 bullfrogs
  A gnoll sergeant (D:7)
  A wyvern skeleton (D:6)
  A water moccasin skeleton (D:8)
  3 scorpions
  An electric eel (Lair:2)
  7 wights
  5 crimson imps
  A centaur zombie (D:8)
  2 orc priests
  4 hounds
  2 jellies
  8 orc wizards
  2 hell rats (D:8)
  6 worker ants
  A killer bee zombie (D:7)
  A hound zombie (D:8)
  12 gnolls
  A howler monkey skeleton (D:8)
  2 river rats
  9 adders
  A shadow imp (D:8)
  11 oozes
  2 worms (D:3)
  3 dart slugs
  14 leopard geckos
  32 orcs
  5 bats
  18 giant cockroaches
  7 goblins
  5 hobgoblins
  14 jackals
  A quokka (D:5)
  13 ball pythons
  11 frilled lizards
  11 kobolds
  11 rats
318 creatures vanquished.

Vanquished Creatures (others)
  3 fungi (Lair:4)
  7 plants (Lair:4)
10 creatures vanquished.

Grand Total: 328 creatures vanquished

Notes
Turn   | Place    | Note
-------+----------+-------------------------------------------
     0 | D:1      | Bronimir the Ogre Fire Elementalist began the quest for the
                  | Orb.
     0 | D:1      | Reached XP level 1. HP: 16/16 MP: 3/3
   214 | D:1      | Reached XP level 2. HP: 24/24 MP: 1/5
   490 | D:1      | Learned a level 2 spell: Throw Flame
   859 | D:1      | Reached skill level 1 in Fighting
   864 | D:1      | Reached XP level 3. HP: 27/33 MP: 4/6
   891 | D:1      | Reached skill level 1 in Conjurations
  1637 | D:2      | Reached XP level 4. HP: 41/41 MP: 8/8
  2304 | D:3      | Learned a level 3 spell: Conjure Flame
  2517 | D:3      | Found a blossoming altar of Fedhas.
  2737 | D:3      | Found a sacrificial altar of Ru.
  3778 | D:4      | Reached skill level 1 in Maces & Flails
  3778 | D:4      | Reached XP level 5. HP: 48/48 MP: 9/9
  3830 | D:4      | Noticed Sigmund
  3919 | D:3      | Learned a level 4 spell: Sticky Flame
  3930 | D:4      | Killed Sigmund
  3930 | D:4      | Reached skill level 1 in Throwing
  3930 | D:4      | Reached XP level 6. HP: 29/57 MP: 1/11
  4077 | D:4      | Found a glowing drain.
  4114 | Sewer    | Entered a sewer
  4736 | Sewer    | Reached XP level 7. HP: 65/65 MP: 11/13
  4905 | Sewer    | HP: 2/65 [bullfrog (4)]
  5478 | D:4      | Learned a level 5 spell: Fireball
  6082 | D:5      | Entered Level 5 of the Dungeon
  6234 | D:5      | Found a shimmering blue altar of Sif Muna.
  6258 | D:5      | Reached skill level 5 in Spellcasting
  6258 | D:5      | Reached XP level 8. HP: 71/74 MP: 6/15
  6359 | D:5      | Learned a level 1 spell: Confusing Touch
  6372 | D:5      | Found a stormy altar of Qazlal.
  7230 | D:5      | Reached skill level 1 in Hexes
  7297 | D:5      | Found Lol Fan's Weapon Shoppe.
  7566 | D:5      | Reached skill level 5 in Fire Magic
  8366 | D:6      | Found an ancient bone altar of Kikubaaqudgha.
  8604 | D:6      | Reached XP level 9. HP: 84/84 MP: 9/17
  9027 | D:6      | Found a staircase to the Ecumenical Temple.
  9046 | Temple   | Entered the Ecumenical Temple
  9186 | Temple   | Became a worshipper of Warmaster Okawaru
  9248 | D:6      | Learned a level 3 spell: Stone Arrow
  9589 | D:6      | Found a shimmering altar of Xom.
  9589 | D:6      | Found a radiant altar of Vehumet.
  9797 | D:7      | Reached skill level 1 in Invocations
 10147 | D:7      | Reached * piety under Okawaru
 10150 | D:7      | Reached skill level 5 in Maces & Flails
 10331 | D:7      | Got a pitted steel ring
 10673 | D:7      | Learned a level 1 spell: Sandblast
 10757 | D:7      | Identified the ring of the Hero {rF+ AC+5 Int+4} (You found
                  | it on level 7 of the Dungeon)
 10850 | D:8      | Reached skill level 5 in Fighting
 11165 | D:8      | Noticed a death yak
 11167 | D:8      | Found a staircase to the Lair.
 11167 | D:8      | Noticed a death yak
 11168 | D:8      | Noticed a death yak
 11444 | D:8      | Reached XP level 10. HP: 96/96 MP: 12/19
 11792 | D:8      | Killed a death yak
 11792 | D:8      | Reached ** piety under Okawaru
 11792 | D:8      | Reached skill level 5 in Conjurations
 12245 | D:8      | Killed a death yak
 12271 | D:7      | HP: 1/96 [death yak (19)]
 12490 | Lair:1   | Entered Level 1 of the Lair of Beasts
 12678 | Lair:1   | Noticed a four-headed hydra
 12704 | Lair:1   | Killed a four-headed hydra
 12704 | Lair:1   | Reached *** piety under Okawaru
 12935 | Lair:1   | Identified the Compendium of Boosting Weightlessness
 13179 | Lair:1   | Noticed an oklob plant
 13239 | Lair:1   | Noticed a black mamba
 13250 | Lair:1   | Killed a black mamba
 13250 | Lair:1   | Reached **** piety under Okawaru
 13449 | Lair:1   | Reached skill level 5 in Dodging
 13449 | Lair:1   | Reached XP level 11. HP: 82/107 MP: 16/21
 13657 | Lair:1   | Noticed an oklob plant
 13778 | Lair:2   | Received a gift from Okawaru
 14193 | Lair:2   | Reached skill level 5 in Throwing
 15136 | Lair:3   | Noticed Snorg
 15152 | Lair:3   | Gained mutation: You are partially covered in yellow
                  | scales. (AC +2) [potion of mutation]
 15152 | Lair:3   | Gained mutation: Your spells are a little easier to cast,
                  | but a little less powerful. [potion of mutation]
 15152 | Lair:3   | Gained mutation: You are dopey. (Int -2) [potion of
                  | mutation]
 15152 | Lair:3   | Gained mutation: Your flesh is heat resistant. (rF+)
                  | [potion of mutation]
 15549 | Lair:3   | Received a gift from Okawaru
 15681 | Lair:3   | Found a staircase to the Shoals.
 15686 | Lair:3   | Reached ***** piety under Okawaru
 15804 | Lair:3   | Killed Snorg
 15804 | Lair:3   | Received a gift from Okawaru
 16126 | Lair:3   | Reached skill level 5 in Invocations
 16134 | Lair:3   | Learned a level 3 spell: Mephitic Cloud
 16625 | Lair:3   | Reached skill level 1 in Armour
 16824 | Lair:4   | Received a gift from Okawaru
 16866 | Lair:4   | Reached XP level 12. HP: 77/119 MP: 1/23
 17147 | Lair:4   | Found a hole to the Spider Nest.
 17505 | Lair:4   | Noticed a catoblepas
 17505 | Lair:4   | Noticed a death yak
 17956 | Lair:4   | Noticed a seven-headed hydra
 17969 | Lair:4   | HP: 3/122 [seven-headed hydra (5)]
 17969 | Lair:4   | Slain by a seven-headed hydra

Levels and vault maps discovered:
D:1:      minmay_arrival_four_houses, layout_loops_ring, st_stairs_12,
          minmay_bisected
D:2:      kb_forest_paths, layout_basic, glass_columns_a
D:3:      layout_basic, lemuel_round_altar, overflow_temple_1_default
D:4:      layout_cave_pools, portal_sewer_entry_c,
          hangedman_abyss_or_decor_stabs, kennysheep_generic_room_16,
          uniq_sigmund
D:5:      layout_cave_pods, overflow_temple_1_default, first_ration,
          serial_shops, nicolae_shop_temple_entry_statues_fountains,
          nicolae_qazlal_general_emergency
D:6:      minmay_angry_zag, layout_gridville, overflow_temple_1_default,
          gammafunk_temple_overflow_pools, temple_fountains
D:7:      layout_rooms
D:8:      layout_basic, dpeg_lair_monsters
D:9:      layout_basic, serial_shops, shop
Temple:   regret_index_temple_sphere_string
Lair:1:   layout_long_grid, minmay_lair_oklob_chamber, lemuel_fruit_fields
Lair:2:   layout_cave_pods, st_stairs_12, serial_bayou_shore_a,
          serial_bayou_shore_b
Lair:3:   layout_regular_city, elwin_shoals_entry_rocks, enter_volcano_4,
          beast_lair_carwin_9, grunt_megastairs_5, lemuel_fruit_tree, uniq_snorg
Lair:4:   layout_roguey, nicolae_spider_entry_tight_spaces,
          nicolae_lair_yak_garden

Skill      XL: |  1  2  3  4  5  6  7  8  9 10 11 12 |
---------------+-------------------------------------+-----
Fire Magic     | 3 4 5 6 8 |  8.1
Fighting       | 1 2 3 5 6 8 |  8.3
Conjurations   | 1 2 3 4 5 6 |  6.8
Dodging        | 2 3 4 5 6 |  6.0
Maces & Flails | 1 2 3 5 6 7 |  7.0
Spellcasting   | 3 4 5 6 7 |  7.4
Throwing       | 1 2 3 4 5 6 |  6.0
Hexes          | 1 2 |  2.2
Invocations    | 2 3 5 |  5.5
Armour         | 1 2 |  2.5
Polearms       | |  0.2
Stealth        | |  1.4

Action                   |  1- 3 |  4- 6 |  7- 9 | 10-12 || total
-------------------------+-------+-------+-------+-------++-------
Melee: Unarmed           |     9 |       |       |       ||     9
       Club              |    15 |       |       |       ||    15
       Whip              |    20 |    46 |    98 |       ||   164
       Flail             |       |       |   154 |   191 ||   345
       Spear             |       |       |       |     3 ||     3
       Punch             |       |       |       |     1 ||     1
Throw: Javelin           |    16 |     1 |       |    17 ||    34
       Stone             |     3 |       |       |     6 ||     9
       Large rock        |       |       |       |    11 ||    11
 Cast: Flame Tongue      |    44 |    96 |    67 |     6 ||   213
       Throw Flame       |       |     2 |    14 |     4 ||    20
       Sticky Flame      |       |     1 |    48 |    88 ||   137
       Stone Arrow       |       |       |     4 |       ||     4
       Confusing Touch   |       |       |       |     6 ||     6
       Fireball          |       |       |       |     3 ||     3
       Mephitic Cloud    |       |       |       |     1 ||     1
Invok: Heroism           |       |       |     1 |     3 ||     4
       Finesse           |       |       |       |     2 ||     2
Evoke: Wand              |       |       |       |     3 ||     3
  Use: Potion            |     2 |     1 |     4 |     4 ||    11
       Scroll            |       |       |    13 |     6 ||    19
 Stab: Sleeping          |       |     1 |     1 |       ||     2
       Distracted        |       |       |       |     1 ||     1
  Eat: Chunk             |     3 |    10 |    23 |    24 ||    60
       Ration            |       |       |     2 |     2 ||     4
Armor: Robe              |    36 |    40 |    78 |    57 ||   211
       Troll leather arm |       |       |       |    64 ||    64
Dodge: Dodged            |    70 |    84 |   220 |   191 ||   565
